Map: [ESL] Alcyone

Players

Stats

  • Race: Protoss Protoss
  • Spawn Location: 7:00

Oliveira - Winner!

  • Race: Terran Terran
  • Spawn Location: 1:00

Event: ESL Spring 2024 Finals

VOD

Have the link to the VOD?

Description

Time

  • Played on: May 31, 2024, 12:43 p.m.
  • Length: 10:16

All games in this series

Show
View Real Time Build Order
Export as new Build Order

Stats Protoss 

Build Orders: 1 Gate Expand, Blink Stalkers, Colossus Rush 

Get SALT Encoding   

  12  0:00  Probe  
  13  0:12  Probe  
  14  0:17  Pylon  
  14  0:24  Probe (Chrono Boost)  
  15  0:36  Gateway, Probe (Chrono Boost)  
  16  0:44  Probe (Chrono Boost)  
  16  0:45  Assimilator  
  17  0:51  Probe  
  18  1:03  Probe  
  19  1:15  Probe  
  20  1:23  Cybernetics Core  
  20  1:32  Nexus  
  20  1:33  Probe  
  21  1:40  Pylon  
  21  1:45  Assimilator  
  21  1:48  Probe  
  21  1:57  Adept (Chrono Boost)  
  21  2:00  Probe  
  21  2:01  Warp Gate  
  24  2:12  Probe  
  25  2:17  Adept (Chrono Boost)  
  27  2:24  Probe  
  27  2:27  Twilight Council  
  29  2:39  Adept, Probe (Chrono Boost)  
  29  2:44  Probe (Chrono Boost)  
  33  2:53  Probe x2 (Chrono Boost)  
  34  2:58  Probe (Chrono Boost)  
  34  3:00  Blink (Chrono Boost)  
  34  3:01  Gateway, Probe  
  36  3:11  Probe  
  37  3:13  Probe  
  38  3:22  Robotics Facility  
  38  3:23  Probe  
  38  3:25  Probe  
  40  3:31  Pylon  
  40  3:35  Probe  
  40  3:37  Probe  
  42  3:41  Gateway  
  42  3:47  Probe  
  43  3:49  Probe  
  44  3:59  Stalker x2, Probe  
  44  4:01  Probe  
  50  4:03  Assimilator  
  50  4:09  Assimilator  
  48  4:11  Probe  
  48  4:12  Observer  
  48  4:13  Probe  
  48  4:15  Pylon  
  51  4:20  Pylon  
  51  4:24  Pylon  
  51  4:26  Probe x2  
  53  4:32  Observer  
  53  4:33  Stalker x2  
  53  4:34  Pylon  
  58  4:42  Robotics Bay  
  58  4:47  Shield Battery  
  58  4:52  Nexus  
  58  4:55  Probe x2  
  60  5:04  Immortal (Chrono Boost)  
  64  5:10  Probe x2  
  66  5:14  Stalker  
  68  5:22  Probe x2  
  68  5:26  Pylon  
  70  5:34  Probe x2  
  72  5:40  Colossus (Chrono Boost)  
  78  5:47  Gateway, Probe x2 (Chrono Boost)  
  78  5:48  Charge  
  80  5:50  Forge  
  80  5:54  Extended Thermal Lance  
  82  5:59  Probe x2 (Chrono Boost)  
  82  6:04  Probe x2 (Chrono Boost)  
  83  6:05  Shield Battery, Probe (Chrono Boost)  
  83  6:10  Pylon  
  85  6:13  Protoss Ground Weapons Level 1, Probe x2  
  85  6:16  Probe  
  88  6:19  Sentry  
  88  6:20  Sentry  
  88  6:21  Colossus (Chrono Boost)  
  98  6:27  Gateway  
  98  6:35  Gateway  
  98  6:36  Pylon  
  98  6:44  Stalker x4  
  106  6:47  Pylon  
  106  6:52  Shield Battery  
  106  6:58  Probe x2  
  106  6:59  Assimilator, Probe  
  106  7:00  Assimilator  
  109  7:02  Pylon  
  109  7:03  Observer  
  109  7:07  Templar Archives  
  110  7:10  Observer, Pylon  
  110  7:17  Shield Battery  
  110  7:18  Nexus  
  110  7:31  Probe x2  
  110  7:32  Stalker x3  
  110  7:33  Zealot x3  
  101  7:57  Zealot x2  
  101  7:58  Zealot x4, Colossus (Chrono Boost)  
  104  8:04  Psionic Storm  
  104  8:07  Probe x3  
  104  8:09  Assimilator  
  104  8:10  Pylon  
  105  8:15  Shield Battery  
  105  8:19  Stalker  
  107  8:20  High Templar x2  
  107  8:24  Probe  
  107  8:25  Probe x2  
  114  8:39  Nexus  
  114  8:40  High Templar x2  
  114  8:41  Zealot, Pylon  
  113  8:58  Stalker x3  
  113  9:01  Gateway  
  117  9:03  Gateway  
  115  9:12  Nexus  
  115  9:13  Pylon  
  113  9:27  Zealot x3  
  113  9:28  Zealot x3  
  124  9:38  Archon x2  
  86  9:48  High Templar x3  
  86  9:51  Zealot x2, High Templar  
  104  9:59  Nexus  
  104  10:01  Pylon  
  104  10:13  Zealot x2  
Show
View Real Time Build Order
Export as new Build Order

Oliveira Terran - Winner!

Build Orders:  

Get SALT Encoding   

  12  0:00  SCV  
  13  0:12  SCV  
  14  0:17  Supply Depot  
  14  0:24  SCV  
  15  0:38  SCV  
  15  0:40  Barracks  
  16  0:45  Refinery  
  16  0:50  SCV  
  17  1:03  SCV  
  18  1:15  SCV  
  19  1:27  Orbital Command, Marine  
  20  1:38  Command Center  
  20  1:52  SCV  
  20  1:54  Factory  
  21  2:03  Supply Depot  
  21  2:05  SCV  
  21  2:06  Barracks Reactor  
  22  2:11  Refinery  
  22  2:17  SCV  
  23  2:29  SCV  
  24  2:39  Starport, Hellion  
  24  2:41  SCV, Marine  
  24  2:42  Marine  
  29  2:51  Orbital Command  
  29  2:55  SCV  
  30  2:59  Marine x2  
  30  3:02  Widow Mine  
  34  3:17  Marine  
  34  3:18  Medivac  
  37  3:20  SCV  
  37  3:21  SCV  
  37  3:25  Widow Mine  
  41  3:28  Supply Depot  
  41  3:29  Bunker  
  41  3:32  SCV  
  41  3:33  SCV  
  43  3:43  Marine x2  
  43  3:44  SCV  
  46  3:49  SCV  
  46  3:51  Factory Tech Lab  
  46  3:52  Starport Tech Lab  
  46  3:56  SCV  
  46  4:01  Marine x2  
  47  4:06  SCV  
  44  4:14  Command Center  
  44  4:15  Raven  
  46  4:17  Interference Matrix  
  46  4:18  SCV  
  46  4:19  SCV, Marine x2  
  50  4:29  Barracks  
  50  4:30  SCV  
  52  4:31  SCV  
  52  4:33  Barracks  
  54  4:45  Supply Depot  
  54  4:48  SCV  
  54  4:49  SCV  
  54  4:53  Engineering Bay  
  54  4:55  Refinery  
  54  5:06  SCV x2, Marine x2  
  58  5:08  Supply Depot  
  58  5:09  Barracks x2  
  58  5:11  Supply Depot  
  58  5:18  SCV, Stimpack  
  58  5:19  Factory Tech Lab  
  61  5:23  Terran Infantry Weapons Level 1  
  61  5:24  SCV  
  61  5:26  Orbital Command  
  61  5:28  Starport Reactor  
  60  5:29  Combat Shield  
  60  5:31  SCV  
  60  5:34  Marauder  
  63  5:36  Marauder  
  63  5:39  Marine  
  63  5:41  SCV  
  67  5:44  SCV  
  67  5:47  Marine  
  69  5:53  SCV  
  69  5:55  Marauder, Factory Reactor  
  69  5:56  SCV  
  73  5:58  Refinery, Marauder, Barracks Reactor  
  73  6:00  Supply Depot  
  73  6:03  Concussive Shells  
  75  6:04  Marauder  
  75  6:08  Medivac x2  
  75  6:09  Marine  
  82  6:12  SCV  
  82  6:14  Supply Depot, Orbital Command, Marine  
  86  6:18  Marauder  
  86  6:21  SCV  
  86  6:23  Marauder  
  86  6:24  SCV  
  90  6:28  Marine, Marauder  
  90  6:29  Supply Depot  
  90  6:32  Marine  
  94  6:35  SCV  
  94  6:36  SCV  
  94  6:38  Widow Mine x2  
  94  6:39  SCV  
  101  6:41  Marine  
  101  6:42  Marine  
  103  6:47  SCV  
  103  6:48  Marine x2, Marauder  
  103  6:51  SCV  
  103  6:52  SCV, Marine  
  103  6:53  Supply Depot  
  111  6:55  Marine  
  111  6:58  Medivac  
  111  7:00  Supply Depot  
  114  7:01  SCV  
  114  7:03  SCV  
  114  7:04  Marine  
  117  7:14  Ghost Academy  
  117  7:15  Marine x2, Marauder, Widow Mine, Medivac  
  125  7:17  Supply Depot  
  125  7:21  Marine x2  
  125  7:22  SCV  
  128  7:23  Supply Depot x2, Marine x2  
  130  7:32  Marine x2  
  131  7:39  Marine x2  
  131  7:40  Marauder  
  131  7:41  Widow Mine x2, Medivac  
  131  7:43  SCV  
  141  7:46  Marine  
  136  7:58  Marine  
  131  8:02  SCV, Ghost  
  131  8:03  Ghost x2  
  133  8:06  Viking  
  133  8:07  Widow Mine x2  
  133  8:08  SCV x2  
  133  8:09  Refinery x2  
  133  8:10  Marine  
  133  8:11  Supply Depot x2  
  140  8:14  SCV, Marine x2  
  140  8:19  Viking  
  145  8:22  Marine  
  146  8:28  SCV x2, Marine  
  146  8:32  Marine, Marauder x2  
  154  8:37  SCV  
  153  8:49  Command Center  
  153  8:50  Marauder  
  153  8:52  Marine x2  
  153  8:53  Marauder  
  156  8:59  Marine x2  
  156  9:00  Marauder  
  156  9:05  Armory  
  156  9:06  Engineering Bay  
  156  9:07  Supply Depot, Viking  
  156  9:09  Widow Mine x2  
  160  9:10  Marine x2  
  160  9:11  Marauder  
  160  9:14  Marine  
  160  9:17  Marine x2  
  165  9:21  Marauder  
  169  9:28  Marine  
  170  9:32  Ghost, Marauder  
  162  9:39  Marine  
  162  9:40  Viking  
  162  9:41  Ghost  
  154  9:46  Viking  
  154  9:47  Widow Mine x2  
  154  9:48  Marine x2  
  159  9:54  Marauder  
  159  9:55  SCV x2  
  159  9:56  Marine  
  159  9:57  Marine  
Tags
 
Add a new tag
Caveats
  • Supply blocks, unpowered buildings, or Contaminate may cause inaccurate times.
  • Supply counts are checked every 10 seconds.